 Dungeon Crawl Stone Soup version 0.29.0-11-gd7f09526c8 (webtiles) character file.

Game seed: 4380659745093035113

182 benadryl the Ruffian (level 5, -30/49 HPs)
             Began as a Troll Conjurer on Sept 5, 2022.
             Annihilated by an ogre
             ... wielding a +0 giant club
              (35 damage)
             ... on level 3 of the Dungeon.
             The game lasted 00:02:20 (1496 turns).

benadryl the Ruffian (Troll Conjurer)               Turns: 1496, Time: 00:02:20

Health: -30/49     AC:  5    Str: 15    XL:     5   Next: 35%
Magic:  5/5        EV: 10    Int: 16    God:
Gold:   55         SH:  0    Dex: 14    Spells: 5/6 levels left

rFire   . . .      SeeInvis .     - Unarmed
rCold   . . .      Faith    .   (no shield)
rNeg    + . .      Spirit   .   a - +0 robe
rPois   .          Reflect  .   (helmet restricted)
rElec   .          Harm     .   g - +0 cloak
rCorr   .          Rampage  .   (gloves unavailable)
Will    .....                   (boots unavailable)
Stlth   ++........              (no amulet)
HPRegen 0.96/turn               e - ring of positive energy
MPRegen 0.09/turn               l - +6 ring of dexterity

@: no status effects
A: large, unfitting armour, claws 3, regeneration 1, shaggy fur 1, tough skin 1
a: no special abilities


You were on level 3 of the Dungeon.
You visited 1 branch of the dungeon, and saw 3 of its levels.

You collected 55 gold pieces.

Inventory:

Armour
 a - a +0 robe (worn)
 g - a +0 cloak (worn)
Jewellery
 e - a ring of positive energy (left claw)
 l - a +6 ring of dexterity (right claw)
Scrolls
 c - a scroll of teleportation
 d - a scroll of acquirement {unknown}
 f - a scroll of enchant armour {unknown}
 h - a scroll of identify {unknown}
 i - a scroll of poison {unknown}
Potions
 b - a potion of magic
 j - a potion of haste {unknown}
 k - a potion of ambrosia {unknown}


   Skills:
 + Level 2.0 Fighting
 - Level 1.5 Dodging
 - Level 1.0 Stealth
 * Level 3.8 Unarmed Combat
 - Level 1.2 Spellcasting
 + Level 3.3 Conjurations


You had 5 spell levels left.
You knew the following spells:

 Your Spells              Type           Power      Damage    Failure   Level
a - Magic Dart            Conj           44%        1d5       5%          1

Your spell library contained the following spells:

 Spells                   Type           Power      Damage    Failure   Level
 Searing Ray              Conj           22%        2d5       9%          2
 Dazzling Flash           Conj/Hex       12%        N/A       32%         3
 Fulminant Prism          Conj/Hex       3%         3d6       73%         4
 Iskenderun's Mystic Bla  Conj/Tloc      6%         2d4       73%         4


Dungeon Overview and Level Annotations

Branches:
Dungeon (3/15)

Altars:

Shops:
D:1 !??(


Innate Abilities, Weirdness & Mutations

You are too large for most types of armour.
You have claws for hands.
Your natural rate of healing is unusually fast.
You are covered in fur. (AC +1)
You have tough skin. (AC +1)


Message History

You scratch the bat.
You kill the bat!
The bat hits you but does no damage. x2
The bat hits you but does no damage. The bat misses you.
The bat closely misses you.
There is a stone staircase leading up here.
You barely miss the bat. The bat hits you but does no damage.
You scratch the centaur.
The centaur is almost dead.
The bat closely misses you. The centaur closely misses you.
The centaur kicks you but does no damage.
You claw the centaur!
You kill the centaur!
The bat hits you but does no damage.
Your Fighting skill increases to level 2!
You have reached level 5!
You scratch the ogre.
The ogre is lightly wounded.
The bat hits you but does no damage.
The ogre hits you with a +0 giant club!!
You barely miss the ogre.
The ogre is lightly wounded.
The bat barely misses you.
You barely miss the ogre.
The ogre is lightly wounded.
The bat hits you. The ogre barely misses you.
You claw the ogre!
The ogre is severely wounded.
The bat hits you.
You closely miss the ogre.
The ogre is severely wounded.
The bat closely misses you.
The ogre hits you with a +0 giant club!!
* * * LOW HITPOINT WARNING * * *
You claw the ogre!
The ogre is almost dead.
The bat barely misses you.
The ogre hits you with a +0 giant club!!
Ouch! That really hurt!
You die...

... .. ... ...... . ...
....... #...
..###.#...... ###.#.
..##........ ##...#.
#..........#
.......######b...#.....#
........##.SO@.........#
........##.##....#.....#
........S..##.........##
........#####..†.......#
........# #..........#
........# ####.......#
........# ##.....##
........# #.......#
######### #.......#


You could see an ogre, a bat and a ball python.

Vanquished Creatures
  A centaur (D:3)
  Terence (D:2)
  3 adders
  2 dart slugs (D:2)
  5 ball pythons
  6 bats
  5 endoplasms
  2 giant cockroaches (D:2)
  3 goblins
  3 hobgoblins
  4 jackals (D:2)
  A quokka (D:1)
  6 frilled lizards
  3 kobolds
  5 rats
50 creatures vanquished.

Vanquished Creatures (others)
  7 fungi (D:2)
7 creatures vanquished.

Grand Total: 57 creatures vanquished

Notes
Turn   | Place    | Note
-------+----------+-------------------------------------------
     0 | D:1      | benadryl the Troll Conjurer began the quest for the Orb.
     0 | D:1      | Reached XP level 1. HP: 16/16 MP: 1/1
    63 | D:1      | Found Abrux's Weapon Emporium.
   145 | D:1      | Found Seunab's Distillery.
   153 | D:1      | Reached skill level 1 in Unarmed Combat
   209 | D:1      | Reached XP level 2. HP: 26/26 MP: 2/2
   228 | D:1      | You fall into a shaft and drop 1 floor!
   237 | D:2      | Noticed Terence
   372 | D:1      | Found a faded altar of an unknown god.
   444 | D:1      | Found Ihidezut's Magic Scroll Boutique.
   449 | D:1      | Found Bubun's Magic Scroll Emporium.
   897 | D:2      | Reached skill level 1 in Fighting
   911 | D:2      | Reached XP level 3. HP: 25/33 MP: 3/3
   992 | D:2      | Killed Terence
  1035 | D:2      | Reached XP level 4. HP: 25/41 MP: 0/4
  1471 | D:3      | Noticed a centaur
  1476 | D:3      | Noticed an ogre
  1490 | D:3      | Killed a centaur
  1491 | D:3      | Reached XP level 5. HP: 42/49 MP: 5/5
  1496 | D:3      | Annihilated by an ogre

Illustrated notes

Levels and vault maps discovered:
D:1:      matt_arrival_refuge, layout_basic, serial_shops,
          nicolae_shop_behind_doors, shop, shop, shop_statue,
          ebering_ecumenical_altar_webs
D:2:      layout_rooms, dreamdust_mushroom_princess, minmay_misc_feat_enclosed,
          uniq_terence
D:3:      layout_rooms, serial_shops, shop, uniq_pargi

Skill      XL: |  1  2  3  4 |
---------------+-------------+-----
Unarmed Combat | 1 2 3 |  3.8
Fighting       | 1 2 |  2.0
Conjurations   | 3 |  3.3
Dodging        | |  1.5
Stealth        | |  1.0
Spellcasting   | |  1.2

Action                   |  1- 3 |  4- 6 || total
-------------------------+-------+-------++-------
Melee: Unarmed           |   104 |    53 ||   157
       Punch             |     1 |     1 ||     2
 Cast: Magic Dart        |     5 |       ||     5
  Use: Scroll            |     1 |       ||     1
 Stab: Distracted        |     1 |       ||     1
       Sleeping          |       |     2 ||     2
Armor: Robe              |    68 |    40 ||   108
Dodge: Dodged            |    82 |    36 ||   118
